 Dungeon Crawl Stone Soup version 0.28.0-45-g0d030f2227 (webtiles) character file.

Game seed: 1220835189460226074

158 nickcage the Vexing (level 5, 0/24 HPs)
             Began as a Spriggan Enchanter on Apr 13, 2022.
             Slain by an iron imp (7 damage)
             ... on level 3 of the Dungeon.
             The game lasted 00:08:20 (2965 turns).

nickcage the Vexing (Spriggan Enchanter)            Turns: 2965, Time: 00:08:21

Health: 0/24       AC:  2    Str:  4    XL:     5   Next: 16%
Magic:  10/10      EV: 17    Int: 16    God:
Gold:   127        SH:  0    Dex: 18    Spells: 7/9 levels left

rFire   . . .      SeeInvis +   k - +2 dagger (elec)
rCold   . . .      Faith    .   (no shield)
rNeg    . . .      Spirit   .   b - +0 robe
rPois   .          Reflect  .   (helmet restricted)
rElec   .          Harm     .   (no cloak)
rCorr   .          Rampage  .   (gloves unavailable)
Will    .....                   (boots unavailable)
Stlth   +++.......              (no amulet)
HPRegen 0.08/turn               (no ring)
MPRegen 0.12/turn               (no ring)

@: very quick
A: very small, no large weapons, unfitting armour, see invisible, speed 3
a: no special abilities


You were on level 3 of the Dungeon.
You visited 1 branch of the dungeon, and saw 4 of its levels.

You collected 127 gold pieces.

Inventory:

Hand Weapons
 a - a +1 dagger
 k - a +2 dagger of electrocution (weapon)
Missiles
 d - 6 poisoned darts
 m - 5 boomerangs of dispersal
Armour
 b - a +0 robe (worn)
 h - a +0 buckler
Jewellery
 e - an amulet of magic regeneration
Scrolls
 f - 6 scrolls of identify {unknown}
 g - 2 scrolls of holy word {unknown}
 i - 2 scrolls of enchant armour {unknown}
 j - a scroll of vulnerability {unknown}
 l - a scroll of amnesia {unknown}
 n - a scroll of immolation {unknown}
Potions
 c - a potion of invisibility


   Skills:
 * Level 3.8 Short Blades
 - Level 2.6 Dodging
 - Level 4.4 Stealth
 - Level 2.6 Spellcasting
 - Level 5.5 Hexes
 - Level 0.6 Ice Magic


You had 7 spell levels left.
You knew the following spells:

 Your Spells              Type           Power      Damage    Failure   Level
a - Ensorcelled Hibernat  Hex/Ice        24%        N/A       9%          2

Your spell library contained the following spells:

 Spells                   Type           Power      Damage    Failure   Level
 Confusing Touch          Hex            19%        N/A       6%          3
 Tukima's Dance           Hex            19%        N/A       6%          3
 Dazzling Flash           Conj/Hex       22%        N/A       19%         3


Dungeon Overview and Level Annotations

Branches:
Dungeon (4/15)
 Temple: D:4-7

Altars:
Elyvilon
Makhleb


Innate Abilities, Weirdness & Mutations

You are very small and have problems with some larger weapons.
You are too small for most types of armour.
You have supernaturally acute eyesight. (SInv)
You cover ground extremely quickly. (Speed+++)


Message History

You hit the iron imp but do no damage.
The iron imp is severely wounded.
The iron imp misses you.
You hit the iron imp.
The iron imp is severely wounded.
You hit the iron imp but do no damage.
The iron imp is severely wounded.
The iron imp misses you.
You hit the iron imp but do no damage.
The iron imp is severely wounded.
The iron imp barely misses you.
You hit the iron imp.
The iron imp is almost dead.
You barely miss the iron imp.
The iron imp is almost dead.
The iron imp misses you.
You barely miss the iron imp.
The iron imp is almost dead.
The iron imp barely misses you.
You hit the iron imp but do no damage.
The iron imp is almost dead.
You hit the iron imp but do no damage.
The iron imp is almost dead.
The iron imp hits you!
You are too injured to fight recklessly!
You are too injured to fight recklessly!
You are too injured to fight recklessly!
You hit the iron imp but do no damage.
The iron imp is severely wounded.
The iron imp closely misses you.
You barely miss the iron imp.
The iron imp is severely wounded.
You hit the iron imp but do no damage.
The iron imp is severely wounded.
The iron imp hits you.
* * * LOW HITPOINT WARNING * * *
You hit the iron imp but do no damage.
The iron imp is severely wounded.
The iron imp hits you!
You die...

.._...≈≈.# #######
#.≈≈§......≈≈.# #<.....
#..≈§....5≈≈..#########......
#...§≈§5≈≈≈...#.......#......
#..§§≈§8≈≈....#.......#......
#......≈......#.......#......
#...........5.#.......#......
#...........@.#.......#....).
#.............#.......#......
#.............#.......#######
########[#..##............# ###
.........##......##.####.## ##..
...).....#..........## #.# ###..#
.....................###.###.....
........#........................
.)....<.#.###..................##


You could see 3 iron imps.

Vanquished Creatures
  2 orc priests (D:3)
  An orc wizard (D:3)
  2 adders (D:2)
  2 worms
  2 dart slugs (D:2)
  3 orcs (D:3)
  8 bats
  3 endoplasms
  2 goblins
  3 hobgoblins (D:2)
  4 kobolds
  3 quokkas (D:2)
  3 ball pythons
  2 frilled lizards
  5 rats
45 creatures vanquished.

Notes
Turn   | Place    | Note
-------+----------+-------------------------------------------
     0 | D:1      | nickcage the Spriggan Enchanter began the quest for the
                  | Orb.
     0 | D:1      | Reached XP level 1. HP: 9/9 MP: 5/5
    81 | D:1      | Found a faded altar of an unknown god.
   189 | D:1      | Reached skill level 4 in Hexes
   531 | D:1      | Reached XP level 2. HP: 13/13 MP: 6/6
   534 | D:1      | Learned a level 2 spell: Ensorcelled Hibernation
  1228 | D:2      | Reached skill level 5 in Hexes
  1228 | D:2      | Reached XP level 3. HP: 16/16 MP: 5/8
  1914 | D:3      | Reached XP level 4. HP: 5/21 MP: 6/9
  2486 | D:3      | Reached XP level 5. HP: 24/24 MP: 7/10
  2652 | D:3      | You fall into a shaft and drop 1 floor!
  2827 | D:3      | Found a white marble altar of Elyvilon.
  2933 | D:3      | Found a burning altar of Makhleb.
  2965 | D:3      | Slain by an iron imp

Illustrated notes

Levels and vault maps discovered:
D:1:      minmay_arrival_nine_rooms, layout_loops_ring,
          shapermc_ecumenical_altar_totnotflames
D:2:      layout_rooms, st_stairs_3
D:3:      layout_rooms, mainiacjoe_overflow_tiny_flanked, demons_altar
D:4:      layout_basic, minmay_checkerbox, uniq_natasha

Skill      XL: |  1  2  3  4 |
---------------+-------------+-----
Hexes          | 4 5 |  5.5
Short Blades   | 2 3 |  3.8
Dodging        | |  2.6
Stealth        | |  4.4
Spellcasting   | |  2.6
Ice Magic      | |  0.6

Action                   |  1- 3 |  4- 6 || total
-------------------------+-------+-------++-------
Melee: Dagger            |    66 |    43 ||   109
       Punch             |     2 |       ||     2
 Cast: Ensorcelled Hiber |    23 |    16 ||    39
 Stab: Sleeping          |    28 |     8 ||    36
Armor: Robe              |    13 |     2 ||    15
Dodge: Dodged            |    40 |    24 ||    64
